[Event "ICC tourney 2545 (5 3)"]
[Site "Internet Chess Club"]
[Date "2021.04.11"]
[Round "5"]
[White "jbowman3"]
[Black "joey0926"]
[Result "1-0"]
[ICCResult "Black resigns"]
[WhiteElo "1286"]
[BlackElo "1292"]
[Opening "Dunst (Sleipner, Heinrichsen) opening"]
[ECO "A00"]
[NIC "VO.15"]
[Time "15:46:30"]
[TimeControl "300+3"]

1. Nc3 d5 2. e4 dxe4 3. Nxe4 Nc6 4. Nf3 Bf5 5. Ng3 Bg6 6. Bc4 e6 7. O-O Nf6
8. d4 Be7 9. c3 a6 10. h4 h6 11. Ne5 Bh7 12. Nh5 Nxh5 13. Qxh5 O-O 14. Re1
Bxh4 15. Re3 Nxe5 16. Qxe5 b5 17. Bd3 Bxd3 18. Rxd3 Qf6 19. Qxf6 Bxf6 20.
Rg3 Kh7 21. Bf4 Rac8 22. Kf1 c5 23. Bd6 Rfe8 24. Bxc5 e5 25. Re1 exd4 26.
Rxe8 Rxe8 27. Bxd4 Bxd4 28. cxd4 Rd8 29. Rg4 h5 30. Rf4 f6 31. Ke2 g5 32.
Rxf6 Rxd4 33. Rxa6 Rb4 34. b3 h4 35. Kf3 Rf4+ 36. Ke3 Rb4 37. Rd6 Kg7 38.
Rd4 Rxd4 39. Kxd4 Kf6 40. Kc5 Ke5 41. Kxb5 Ke4 42. a4 Kd3 43. a5 Ke2 44. a6
Kxf2 45. a7 Kxg2 46. a8=Q+ Kg3 47. Qe4 h3 48. Qe5+ Kg2 49. Qxg5+ Kh2 50. Kc4
Kh1 51. Qd5+ Kh2 52. Kd3 Kg1 53. Qd4+ Kg2 54. Qg4+ Kh2 55. Ke2 {Black
resigns} 1-0

[Event "ICC tourney 2545 (5 3)"]
[Site "Internet Chess Club"]
[Date "2021.04.11"]
[Round "5"]
[White "skbvidya"]
[Black "siddarth1"]
[Result "1/2-1/2"]
[ICCResult "Game drawn because neither player has mating material"]
[WhiteElo "1258"]
[BlackElo "1434"]
[Opening "Sicilian: Nimzovich-Rossolimo attack (without ...d6)"]
[ECO "B30"]
[NIC "SI.31"]
[Time "15:47:50"]
[TimeControl "300+3"]

1. e4 c5 2. Nf3 Nc6 3. Bb5 e6 4. Bxc6 bxc6 5. d3 d5 6. O-O Be7 7. e5 f6 8.
Re1 fxe5 9. Nxe5 Nf6 10. Nxc6 Qc7 11. Nxe7 Qxe7 12. Nc3 O-O 13. Bg5 Qf7 14.
Bxf6 Qxf6 15. Qe2 Rb8 16. Nd1 a5 17. Qe5 Qxe5 18. Rxe5 Rf5 19. Rxf5 exf5 20.
f4 Bb7 21. b3 Re8 22. Kf2 d4 23. Nb2 Bc6 24. Nc4 a4 25. Ne5 Bb5 26. Re1 axb3
27. axb3 Ra8 28. Rc1 Ra2 29. Ke2 Ra7 30. Kd2 Re7 31. Ra1 h6 32. Ra5 Rb7 33.
Nc4 Bxc4 34. dxc4 Rc7 35. c3 dxc3+ 36. Kxc3 g5 37. fxg5 hxg5 38. Ra6 Kf7 39.
Rd6 f4 40. b4 g4 41. bxc5 Rxc5 42. Rd5 Rxd5 43. cxd5 Kf6 44. Kd4 f3 45. gxf3
gxf3 46. Ke3 Ke5 47. h4 Kxd5 48. Kxf3 Ke5 49. Kg4 Kf6 50. Kh5 Kg7 51. Kg5
Kh8 52. Kg6 Kg8 53. h5 Kh8 54. h6 Kg8 55. Kf6 Kh8 56. Kg5 Kh7 57. Kh5 Kg8
58. Kg5 Kh8 59. Kf6 Kh7 60. Kg5 Kg8 61. Kf5 Kh7 62. Kg5 Kg8 63. Kh4 Kh7 64.
Kh5 Kg8 65. Kg6 Kh8 66. Kg5 Kh7 67. Kh5 Kg8 68. Kg4 Kh7 69. Kg5 Kg8 70. Kf6
Kh7 71. Kg5 Kg8 72. Kg6 Kh8 73. Kf7 Kh7 74. Kf6 Kxh6
{Game drawn because neither player has mating material}
1/2-1/2

[Event "ICC tourney 2545 (5 3)"]
[Site "Internet Chess Club"]
[Date "2021.04.11"]
[Round "5"]
[White "fishbein"]
[Black "Eberhard"]
[Result "0-1"]
[ICCResult "White resigns"]
[WhiteElo "2478"]
[BlackElo "2202"]
[Opening "Four knights game"]
[ECO "C47"]
[NIC "KP.06"]
[Time "15:46:50"]
[TimeControl "300+3"]

1. e4 e5 2. Nf3 Nc6 3. Nc3 Nf6 4. Be2 Bc5 5. Nxe5 Nxe5 6. d4 Bd6 7. dxe5
Bxe5 8. Nb5 a6 9. f4 axb5 10. fxe5 Nxe4 11. O-O d5 12. exd6 Nxd6 13. Bd3 O-O
14. Qh5 f5 15. Bf4 Qf6 16. c3 Be6 17. Bg5 Qf7 18. Qh4 Bc4 19. Bxc4 Qxc4 20.
Qxc4+ Nxc4 21. b3 Nb6 22. Be7 Rf7 23. Bc5 Nd5 24. c4 bxc4 25. bxc4 Nc3 26.
a3 Ne4 27. Be3 g6 28. a4 Rd7 29. h3 b6 30. Rfd1 Rad8 31. Rxd7 Rxd7 32. a5
bxa5 33. Rxa5 Kf7 34. Ra6 g5 35. Kh2 f4 36. Bg1 h5 37. c5 g4 38. hxg4 hxg4
39. Rh6 Ng5 40. c6 Rd1 41. Bf2 Ne4 42. Bh4 g3+ {White resigns} 0-1

[Event "ICC tourney 2545 (5 3)"]
[Site "Internet Chess Club"]
[Date "2021.04.11"]
[Round "5"]
[White "daverenham"]
[Black "vbtry3"]
[Result "0-1"]
[ICCResult "White resigns"]
[WhiteElo "1491"]
[BlackElo "1900"]
[Opening "Queen's pawn, Mason variation"]
[ECO "D00"]
[NIC "QP.08"]
[Time "15:46:25"]
[TimeControl "300+3"]

1. d4 d5 2. Bf4 e6 3. e3 Bd6 4. Bg3 f5 5. Nf3 Nf6 6. c4 c6 7. c5 Bc7 8. Be2
O-O 9. Bh4 Ba5+ 10. Nbd2 Qe8 11. Bxf6 Rxf6 12. O-O Bc7 13. Ne5 Bxe5 14. dxe5
Rf8 15. Nf3 Qe7 16. Rc1 Bd7 17. Nd4 f4 18. Qb3 Be8 19. exf4 Rxf4 20. Qe3 Re4
21. Qc3 Rxe5 22. Bg4 Bf7 23. Nxe6 Rxe6 24. Bxe6 Qxe6 25. Rfe1 Qf5 26. Qe5
Qxe5 27. Rxe5 Nd7 28. Re7 Rd8 29. b4 Kf8 30. Rce1 a5 31. a3 axb4 32. axb4
Bg6 33. f3 Re8 34. R7e3 Rxe3 35. Rxe3 Kf7 36. Ra3 d4 37. Ra7 Ke6 38. Kf1
Bd3+ 39. Ke1 Ba6 40. Ra8 Nf6 41. Rd8 Nd5 42. Rd6+ Ke7 43. Kd2 Nxb4 44. Rxd4
Nd5 45. Rh4 h6 46. Rg4 Kf6 47. Re4 Nc7 48. Rd4 Ne6 49. Rd6 Ke7 50. Rd4 Nxd4
{White resigns}
0-1

[Event "ICC tourney 2545 (5 3)"]
[Site "Internet Chess Club"]
[Date "2021.04.11"]
[Round "5"]
[White "JaimeVeloso"]
[Black "ashrafismyname"]
[Result "1-0"]
[ICCResult "Black checkmated"]
[WhiteElo "1311"]
[BlackElo "1556"]
[Opening "Scotch game"]
[ECO "C45"]
[NIC "SO.05"]
[Time "15:47:12"]
[TimeControl "300+3"]

1. e4 e5 2. Nf3 Nc6 3. d4 exd4 4. Nxd4 Bc5 5. Be3 Ne5 6. Bd3 d6 7. h3 Ne7 8.
Nc3 N7g6 9. Qd2 O-O 10. O-O-O a6 11. f4 Nxd3+ 12. Qxd3 b5 13. g3 b4 14. Na4
Be6 15. Nxc5 dxc5 16. Nxe6 fxe6 17. Bxc5 Re8 18. Bxb4 c5 19. Bxc5 Qc7 20.
Bd6 Qc6 21. e5 Rec8 22. Rh2 a5 23. Qb3 Ra7 24. Qxe6+ Kh8 25. f5 Nf8 26. Bxf8
Rac7 27. Qxc6 Rxc6 28. Bd6 a4 29. Rhd2 h6 30. g4 Kh7 31. h4 Rc4 32. g5 h5
33. g6+ Kh6 34. c3 Rxh4 35. Rd4 Rh3 36. e6 Rf3 37. Rf4 Re3 38. Rxa4 Rf3 39.
Rad4 Ra8 40. a3 Rf2 41. R1d2 Rf1+ 42. Kc2 Rxf5 43. Bf4+ Kxg6 44. Rg2+ Kf6
45. e7 Kxe7 46. Rxg7+ Kf6 47. Rh7 Re8 48. Rh6+ Kg7 49. Rd7+ Kg8 50. Rg6+ Kh8
51. Bh6 h4 52. Rgg7 Rh5 53. Rh7+ Kg8 54. Rdg7+ Kf8 55. Rh8# {Black
checkmated} 1-0

[Event "ICC tourney 2545 (5 3)"]
[Site "Internet Chess Club"]
[Date "2021.04.11"]
[Round "5"]
[White "EVMIGR"]
[Black "KingsizePawn"]
[Result "0-1"]
[ICCResult "White forfeits on time"]
[WhiteElo "1449"]
[BlackElo "1653"]
[Opening "Caro-Kann: advance variation"]
[ECO "B12"]
[NIC "CK.04"]
[Time "15:46:52"]
[TimeControl "300+3"]

1. e4 c6 2. d4 d5 3. e5 Bf5 4. Bd3 Bxd3 5. Qxd3 e6 6. Nf3 c5 7. c3 Nc6 8.
O-O c4 9. Qe2 b5 10. Bd2 Nge7 11. a4 b4 12. cxb4 Nf5 13. b5 Ncxd4 14. Nxd4
Nxd4 15. Qg4 Nb3 16. Bg5 Qc7 17. Ra2 Qxe5 18. Bf4 Qe4 19. Nc3 Qg6 20. Qe2
Be7 21. Re1 Nc5 22. Nxd5 Nd3 23. Nxe7 Kxe7 24. Qd2 Nxe1 25. Qxe1 Rad8 26.
Ra1 Qd3 27. Bg5+ f6 28. Be3 Rd5 29. h3 Rhd8 30. Qb4+ Kf7 31. b6 axb6 32.
Qxb6 R8d7 33. a5 c3 34. bxc3 Qxc3 35. Ra4 Rd1+ 36. Kh2 Qe5+ 37. g3 Qd5
{White forfeits on time}
0-1

[Event "ICC tourney 2545 (5 3)"]
[Site "Internet Chess Club"]
[Date "2021.04.11"]
[Round "5"]
[White "Swaggernaut99"]
[Black "profudesah"]
[Result "0-1"]
[ICCResult "White resigns"]
[WhiteElo "1711"]
[BlackElo "1786"]
[Opening "Two knights defense"]
[ECO "C56"]
[NIC "KP.02"]
[Time "15:47:10"]
[TimeControl "300+3"]

1. e4 e5 2. Nf3 Nc6 3. d4 exd4 4. Bc4 Nf6 5. O-O Nxe4 6. Re1 d5 7. Bxd5 Qxd5
8. Nc3 Qc4 9. Nxd4 f5 10. Nxe4 Qxd4 11. Nd6+ Kd7 12. Nf7 Qxd1 13. Rxd1+ Bd6
14. Nxh8 Ke7 15. Bg5+ Kf8 16. Re1 Bd7 17. Rad1 Kg8 18. g3 Kxh8 19. Bf4 Bxf4
20. gxf4 Be8 21. Rd5 g6 22. h4 b6 23. Kf1 Kg7 24. a3 Kf8 25. b4 Rd8 26. Rxd8
Nxd8 27. c3 Bb5+ 28. Kg2 Kf7 29. Kf3 Ne6 30. Rd1 Bc6+ 31. Ke3 Kg7 32. Rd3 b5
33. f3 Kh6 34. Rd2 Kh5 35. Rh2 Bd5 36. Kd3 Bxf3 37. Ke3 Kg4 {White resigns}
0-1

[Event "ICC tourney 2545 (5 3)"]
[Site "Internet Chess Club"]
[Date "2021.04.11"]
[Round "5"]
[White "mansoortJ22"]
[Black "ChalsparoV"]
[Result "1-0"]
[ICCResult "Black resigns"]
[WhiteElo "1734"]
[BlackElo "1809"]
[Opening "QGD semi-Slav"]
[ECO "D43"]
[NIC "QP.08"]
[Time "15:47:30"]
[TimeControl "300+3"]

1. d4 d5 2. c4 e6 3. Nf3 Nf6 4. Nc3 c6 5. cxd5 exd5 6. Bf4 Bd6 7. Bg5 O-O 8.
e3 Re8 9. Bd3 Nbd7 10. O-O Nf8 11. Rc1 Ne6 12. Bh4 g6 13. Qb3 Ng7 14. e4
dxe4 15. Nxe4 Be7 16. Nxf6+ Bxf6 17. Bg3 Qb6 18. Bc4 Be6 19. Be5 Bxe5 20.
dxe5 Qxb3 21. axb3 Rad8 22. Rfd1 h6 23. h3 Nf5 24. Bxe6 fxe6 25. g4 Ne7 26.
Nd2 Nd5 27. Ne4 Kg7 28. Nd6 Re7 29. Ra1 a6 30. Kg2 Rf8 31. Kg3 g5 32. Ra4
Rf4 33. Rxf4 Nxf4 34. h4 Ng6 35. hxg5 hxg5 36. Re1 Rd7 37. Ne8+ Kf7 38. Nd6+
Kg7 39. Ne4 Rd3+ 40. f3 Nxe5 41. Nxg5 Kf6 42. Ne4+ Ke7 43. Nc5 Rxf3+ 44. Kg2
Nd3 45. Rxe6+ Kf7 46. Kxf3 Nxc5 47. Rh6 Nxb3 48. Rh7+ Kf6 49. Rxb7 a5 50.
Rxb3 {Black resigns} 1-0

[Event "ICC tourney 2545 (5 3)"]
[Site "Internet Chess Club"]
[Date "2021.04.11"]
[Round "5"]
[White "tmrs"]
[Black "JustInIt"]
[Result "1-0"]
[ICCResult "Black resigns"]
[WhiteElo "1632"]
[BlackElo "1420"]
[Opening "English opening"]
[ECO "A05"]
[NIC "QP.11"]
[Time "15:46:19"]
[TimeControl "300+3"]

1. Nf3 Nf6 2. c4 d5 3. cxd5 Nxd5 4. d4 Bf5 5. Nc3 e6 6. Bg5 Be7 7. Bxe7 Qxe7
8. g3 O-O 9. Bg2 c5 10. e3 Nc6 11. O-O Rac8 12. Rc1 cxd4 13. Nxd4 Nxc3 14.
Rxc3 Nxd4 15. Qxd4 b6 16. Rfc1 Rxc3 17. Qxc3 f6 18. Qc7 Re8 19. h4 Kf7 20.
Bf3 Qxc7 21. Rxc7+ Re7 22. Rc8 e5 23. Bd5+ Kg6 24. Rc6 e4 25. Rc4 Kh5 26.
Kg2 Kg6 27. a4 Kh5 28. b4 Bg6 29. a5 bxa5 30. bxa5 f5 31. Rc5 Re5 32. f4 Re7
33. Bc4 Rd7 34. Be2+ Kh6 35. Rc6 Rd2 36. Kf2 Ra2 37. a6 Rb2 38. h5 Rxe2+ 39.
Kxe2 Kxh5 40. Rc7 Kg4 41. Kf2 Be8 42. Rxa7 g6 43. Re7 Bc6 44. a7 h5 45. Rc7
Bd5 46. Rc8 h4 47. gxh4 g5 48. hxg5 Bb7 49. a8=Q Bxa8 50. Rxa8 Kh5 51. Rh8+
Kg4 52. Rh4+ Kxh4 53. g6 Kh5 54. g7 {Black resigns} 1-0

[Event "ICC tourney 2545 (5 3)"]
[Site "Internet Chess Club"]
[Date "2021.04.11"]
[Round "5"]
[White "Heliosis"]
[Black "Ashibarai"]
[Result "1-0"]
[ICCResult "Black resigns"]
[WhiteElo "1796"]
[BlackElo "1635"]
[Opening "French: advance, Paulsen attack"]
[ECO "C02"]
[NIC "FR.03"]
[Time "15:46:24"]
[TimeControl "300+3"]

1. e4 e6 2. d4 d5 3. e5 c5 4. c3 Nc6 5. Nf3 Qb6 6. a3 c4 7. Nbd2 Bd7 8. Be2
Na5 9. O-O Nb3 10. Nxb3 Qxb3 11. Qxb3 cxb3 12. c4 a5 13. cxd5 exd5 14. Bd2
a4 15. Rac1 Ne7 16. Bb4 Nc6 17. Bxf8 Rxf8 18. Rc5 Be6 19. Bb5 Kd7 20. Rfc1
Rac8 21. Bxa4 h6 22. Bxb3 Ke7 23. Kf1 Rfd8 24. Ke2 Ra8 25. Ke3 Na5 26. Ba2
b6 27. Rc7+ Rd7 28. Rxd7+ Kxd7 29. Nd2 b5 30. Bb1 Nc4+ 31. Nxc4 bxc4 32. Bc2
Rb8 33. Rb1 Ke7 34. f4 f6 35. f5 Bf7 36. e6 Be8 37. Kd2 g6 38. g4 g5 39. Kc3
Kd6 40. a4 Bc6 41. Ra1 Bb7 42. b3 cxb3 43. Bxb3 Ba6 44. a5 Rc8+ 45. Kd2 Rb8
46. Kc2 Rc8+ 47. Kb2 Rb8 48. Ra3 Rb4 49. Kc3 Rb8 50. Bc2 Rc8+ 51. Kd2 Rc4
52. Ra4 Rc7 53. Bd3 Ra7 54. Bxa6 Rxa6 55. Kc3 Kc6 56. Kb4 Ra8 57. Ra1 Rb8+
58. Ka4 Rb2 59. Re1 Rb8 60. e7 Re8 61. Re6+ Kb7 62. a6+ Ka7 63. Kb5 Rb8+ 64.
Kc5 Re8 65. Kd6 {Black resigns} 1-0

[Event "ICC tourney 2545 (5 3)"]
[Site "Internet Chess Club"]
[Date "2021.04.11"]
[Round "5"]
[White "sakharov"]
[Black "GunSlinger"]
[Result "0-1"]
[ICCResult "White forfeits on time"]
[WhiteElo "1479"]
[BlackElo "1638"]
[Opening "English: four knights, kingside fianchetto"]
[ECO "A29"]
[NIC "EO.04"]
[Time "15:46:50"]
[TimeControl "300+3"]

1. c4 e5 2. Nc3 Nf6 3. Nf3 Nc6 4. g3 g6 5. Bg2 Bg7 6. O-O O-O 7. e3 Re8 8.
d4 d6 9. d5 Ne7 10. e4 c6 11. h3 cxd5 12. cxd5 Bd7 13. Be3 Qa5 14. a3 Rac8
15. Rc1 Rc7 16. Bd2 Qb6 17. Be3 Qa6 18. Qe2 Qxe2 19. Nxe2 Rec8 20. Rxc7 Rxc7
21. Nc3 b6 22. Rc1 Ne8 23. Nd2 f5 24. f4 exf4 25. Bxf4 fxe4 26. Ndxe4 Nxd5
27. Nxd6 Nxc3 28. bxc3 Nxd6 29. Bxd6 Rxc3 30. Rxc3 Bxc3 31. Bd5+ Kg7 32. g4
Kf6 33. Kg2 Bd4 34. Kf3 Bc5 35. Bxc5 bxc5 36. Ke4 h6 37. Kd3 Bb5+
{White forfeits on time}
0-1

[Event "ICC tourney 2545 (5 3)"]
[Site "Internet Chess Club"]
[Date "2021.04.11"]
[Round "5"]
[White "dwmt"]
[Black "TheGMnexttou"]
[Result "1-0"]
[ICCResult "Black forfeits on time"]
[WhiteElo "1053"]
[BlackElo "1367"]
[Opening "Queen's pawn game"]
[ECO "A46"]
[NIC "QP.06"]
[Time "15:47:30"]
[TimeControl "300+3"]

1. Nf3 Nf6 2. d4 c5 3. e3 d6 4. g3 cxd4 5. Nxd4 e5 6. Nf3 Nc6 7. Bg2 Be6 8.
Nbd2 Qd7 9. O-O Bh3 10. a3 Be7 11. Ng5 Bxg2 12. Kxg2 O-O 13. Ngf3 Rac8 14.
c4 e4 15. Nd4 Nxd4 16. exd4 d5 17. c5 b6 18. b4 b5 19. f4 Qg4 20. h3 Qe6 21.
f5 Qc6 22. Nb3 Bd8 23. g4 Qc7 24. Bf4 Qb7 25. a4 a6 26. a5 Re8 27. Qe2 Bc7
28. Qe3 Bxf4 29. Rxf4 Qc7 30. Rc1 h6 31. h4 Qc6 32. g5 Nh5 33. Rg4 hxg5 34.
hxg5 g6 35. f6 {Black forfeits on time} 1-0

[Event "ICC tourney 2545 (5 3)"]
[Site "Internet Chess Club"]
[Date "2021.04.11"]
[Round "5"]
[White "Champi"]
[Black "rj1234"]
[Result "1-0"]
[ICCResult "Black forfeits on time"]
[WhiteElo "2422"]
[BlackElo "1990"]
[Opening "Queen's pawn"]
[ECO "A40"]
[NIC "QO.17"]
[Time "15:46:21"]
[TimeControl "300+3"]

1. d4 e6 2. Nf3 d5 3. Bf4 c5 4. e3 Nc6 5. c3 Nge7 6. Nbd2 Nf5 7. Bd3 Qb6 8.
Qb3 Qxb3 9. axb3 Be7 10. g4 Nh4 11. Nxh4 Bxh4 12. dxc5 e5 13. Bg3 Bxg3 14.
hxg3 Bxg4 15. f3 e4 16. fxe4 dxe4 17. Nxe4 O-O 18. Nd6 f5 19. Bc4+ Kh8 20.
Nf7+ Rxf7 21. Bxf7 Ne5 22. Bd5 Nd3+ 23. Kd2 Nxc5 24. b4 Ne4+ 25. Bxe4 fxe4
26. Kc2 a6 27. b5 Be2 28. bxa6 Bxa6 29. b4 Bd3+ 30. Kb3 Rc8 31. Rh5 b5 32.
Rc5 Bc4+ 33. Kc2 Bd3+ 34. Kb2 Rf8 35. Rf5 Rd8 36. Ra7 h6 37. Rff7 Bc4 38.
Rxg7 Rd2+ 39. Kc1 Re2 40. Rh7+ Kg8 41. Rag7+ Kf8 42. Ra7 Re1+ 43. Kd2 Re2+
44. Kd1 Kg8 45. Rhc7 {Black forfeits on time} 1-0

[Event "ICC tourney 2545 (5 3)"]
[Site "Internet Chess Club"]
[Date "2021.04.11"]
[Round "5"]
[White "sceptic"]
[Black "rishik99"]
[Result "0-1"]
[ICCResult "White resigns"]
[WhiteElo "1505"]
[BlackElo "1337"]
[Opening "Petrov three knights game"]
[ECO "C42"]
[NIC "RG.01"]
[Time "15:46:27"]
[TimeControl "300+3"]

1. e4 e5 2. Nf3 Nf6 3. Nc3 Bb4 4. Nxe5 Bxc3 5. bxc3 d6 6. Nf3 Nxe4 7. Bc4
O-O 8. O-O d5 9. Bd3 Bg4 10. h3 Bh5 11. Re1 Re8 12. Qe2 Nf6 13. Qd1 Rxe1+
14. Qxe1 Bxf3 15. gxf3 Qd7 16. Kg2 Nc6 17. Qe3 Re8 18. Qf4 Ne5 19. Bb2 Nxd3
20. cxd3 Re2 21. c4 Ne8 22. Kf1 Re7 23. Qg4 dxc4 24. Qxd7 Rxd7 25. Re1 Kf8
26. dxc4 Rxd2 27. Ba3+ Nd6 28. c5 Nc4 29. Bb4 Rb2 30. Bc3 Rxa2 31. Re4 Nd2+
32. Bxd2 Rxd2 33. Rb4 b6 34. cxb6 cxb6 35. Rc4 Rd7 36. f4 g6 37. Ke2 h5 38.
Kf3 Rd6 39. Ke4 Ke7 40. Rc7+ Rd7 41. Rc8 Rb7 42. Ke5 Rd7 43. f5 Rb7 44. f6+
Kd7 45. Rf8 Kc6 46. Re8 a5 47. f4 Rd7 48. f5 Rd5+ 49. Ke4 Rxf5 50. Re7 Rxf6
51. Ke5 Rf5+ 52. Ke4 Kb5 53. Rd7 Kc6 54. Re7 b5 55. Ra7 a4 56. Kd4 Rf4+ 57.
Kc3 Kd5 58. Rb7 Kc6 59. Ra7 Rf3+ 60. Kb4 Rb3+ {White resigns} 0-1

[Event "ICC tourney 2545 (5 3)"]
[Site "Internet Chess Club"]
[Date "2021.04.11"]
[Round "5"]
[White "RealFuno09"]
[Black "fishmaster"]
[Result "1-0"]
[ICCResult "Black forfeits on time"]
[WhiteElo "2045"]
[BlackElo "2057"]
[Opening "Ruy Lopez: closed, Bogolyubov variation"]
[ECO "C91"]
[NIC "RL.20"]
[Time "15:47:25"]
[TimeControl "300+3"]

1. e4 e5 2. Nf3 Nc6 3. Bb5 a6 4. Ba4 Nf6 5. O-O Be7 6. Re1 b5 7. Bb3 d6 8.
c3 O-O 9. d4 Bg4 10. Be3 exd4 11. cxd4 Na5 12. h3 Bh5 13. Nbd2 c5 14. g4 Bg6
15. Nh4 Nxb3 16. axb3 Qc7 17. Qf3 Qb7 18. Nf5 Rfe8 19. d5 Bf8 20. Bf4 Qd7
21. Bg5 Bxf5 22. gxf5 Be7 23. Bf4 Qd8 24. Kh1 Kh8 25. Rg1 Rg8 26. Nf1 Qf8
27. Ne3 Nd7 28. Ng4 Bh4 29. Rg2 f6 30. Nh2 Bg5 31. Bxg5 fxg5 32. Rxg5 Qf6
33. Rag1 Qxb2 34. Qg3 Qe5 35. Qh4 Nf6 36. f3 a5 37. Rg6 a4 38. Ng4 Qf4 39.
Nh6 Qxf3+ 40. Kh2 Raf8 41. Nxg8 {Black forfeits on time} 1-0

[Event "ICC tourney 2545 (5 3)"]
[Site "Internet Chess Club"]
[Date "2021.04.11"]
[Round "5"]
[White "zena"]
[Black "infacant"]
[Result "1-0"]
[ICCResult "Black forfeits on time"]
[WhiteElo "1340"]
[BlackElo "1288"]
[Opening "Gedult's opening"]
[ECO "A00"]
[Time "15:46:50"]
[TimeControl "300+3"]

1. f3 e5 2. e3 d5 3. Ke2 Nf6 4. Qe1 Bd6 5. Kd1 c5 6. g4 Be6 7. d3 h6 8. h4
Nc6 9. Bg2 Qb6 10. Ne2 O-O-O 11. a3 c4 12. b4 cxb3 13. cxb3 Qxb3+ 14. Kd2
Kb8 15. Nbc3 d4 16. Rb1 dxc3+ 17. Nxc3 Qxb1 18. Nxb1 Bc7 19. Ke2 Bb6 20. Bd2
Rd7 21. Qc1 Rhd8 22. f4 Bxg4+ 23. Bf3 exf4 24. Bxg4 Nxg4 25. exf4 Nd4+ 26.
Kf1 Nf5 27. Rg1 h5 28. Qc4 f6 29. Qb5 Bxg1 30. Kxg1 Rxd3 31. Qxf5 Rg3+ 32.
Kh1 Nf2+ 33. Kh2 Rg4 34. Qxh5 g6 35. Qc5 f5 36. Be3 Ne4 37. Qxa7+ Kc8 38.
Qb6 Rd6 39. Qa5 Rxh4+ 40. Kg2 Rg4+ 41. Kh2 Rd8 42. Qe5 Nd6 43. Bb6
{Black forfeits on time}
1-0

[Event "ICC tourney 2545 (5 3)"]
[Site "Internet Chess Club"]
[Date "2021.04.11"]
[Round "5"]
[White "Casopis"]
[Black "aga"]
[Result "0-1"]
[ICCResult "White checkmated"]
[WhiteElo "1649"]
[BlackElo "2021"]
[Opening "Sicilian: Najdorf"]
[ECO "B90"]
[NIC "SI.14"]
[Time "15:47:30"]
[TimeControl "300+3"]

1. e4 c5 2. Nf3 d6 3. d4 cxd4 4. Nxd4 Nf6 5. Nc3 a6 6. Bd3 e5 7. Nde2 Be6 8.
O-O d5 9. exd5 Nxd5 10. Nxd5 Bxd5 11. Ng3 Be6 12. Be3 Nd7 13. c3 Be7 14. Qf3
Qc7 15. Rad1 Nf6 16. h3 Qc6 17. Qxc6+ bxc6 18. Ne4 a5 19. Nc5 Bxa2 20. g4
Nd5 21. Be4 Rc8 22. Bxd5 cxd5 23. Nd3 f6 24. Ra1 Bc4 25. Rfd1 a4 26. Rxa4
Bb3 27. Rda1 Bxa4 28. Rxa4 O-O 29. Ra5 Rfd8 30. Ra7 Bf8 31. Bb6 Rd6 32. Bc5
Rdd8 33. Bb6 Re8 34. Kf1 Rb8 35. Be3 e4 36. Nf4 Rxb2 37. Nxd5 Rc2 38. Rc7
Rd8 39. Nb4 Bxb4 40. c4 Bd6 41. Rc6 Be5 42. c5 h6 43. Re6 Rc8 44. Re7 Kf8
45. Rd7 Rc7 46. Rd8+ Kf7 47. h4 Rc4 48. h5 Ra4 49. Rh8 Bd4 50. Bxh6 Rxc5 51.
Rh7 f5 52. g5 Kg8 53. g6 gxh6 54. Rxh6 Ra2 55. Kg2 Rxf2+ 56. Kg3 Rc3+ 57.
Kh4 Bf6# {White checkmated} 0-1

[Event "ICC tourney 2545 (5 3)"]
[Site "Internet Chess Club"]
[Date "2021.04.11"]
[Round "5"]
[White "Stroggs"]
[Black "ren"]
[Result "0-1"]
[ICCResult "White forfeits on time"]
[WhiteElo "1415"]
[BlackElo "1308"]
[Opening "Queen's pawn: London system"]
[ECO "A45"]
[NIC "QP.07"]
[Time "15:46:30"]
[TimeControl "300+3"]

1. d4 Nf6 2. Bf4 d6 3. e3 g6 4. Nf3 Bg7 5. h3 a6 6. Bd3 Nc6 7. O-O O-O 8. c3
e5 9. dxe5 Nh5 10. Bh2 dxe5 11. Bc2 Re8 12. Qe2 f5 13. Nbd2 Nf6 14. e4 f4
15. Rad1 Qe7 16. Bb3+ Kh8 17. Rfe1 b5 18. Nf1 Na5 19. Bc2 c5 20. b3 Be6 21.
g3 Bxh3 22. Ng5 Bg4 23. f3 Bd7 24. g4 Nxg4 25. fxg4 Qxg5 26. Rxd7 h5 27. Nd2
hxg4 28. Kh1 Qh4 29. Rg1 g3 30. Rg2 Kg8 31. Bd1 Red8 32. Rd5 Rxd5 33. exd5
Rd8 34. Qg4 Qxg4 35. Bxg4 Kf8 36. Bg1 Rxd5 37. Bf3 Rd3 38. Be4 Rxc3 39. Nf3
Re3 40. Bxe3 fxe3 41. Rxg3 c4 42. bxc4 Nxc4 43. Ne1 Kf7 44. Nc2 e2 45. Rg1
Nd2 46. Bd3 e4 {White forfeits on time} 0-1

[Event "ICC tourney 2545 (5 3)"]
[Site "Internet Chess Club"]
[Date "2021.04.11"]
[Round "5"]
[White "pkramkumar"]
[Black "elpitagoras"]
[Result "1-0"]
[ICCResult "Black forfeits on time"]
[WhiteElo "1564"]
[BlackElo "1488"]
[Opening "Réti opening"]
[ECO "A04"]
[NIC "QP.11"]
[Time "15:47:30"]
[TimeControl "300+3"]

1. Nf3 c6 2. b3 d5 3. Bb2 f6 4. g3 Nh6 5. Bg2 e5 6. d3 Bd6 7. c4 Be6 8. O-O
O-O 9. Nbd2 Nd7 10. Rc1 f5 11. c5 Bc7 12. e4 fxe4 13. dxe4 d4 14. Qe2 Qe7
15. Nc4 Rf7 16. b4 Raf8 17. a3 Bg4 18. Ncd2 a6 19. h3 Be6 20. Nc4 Kh8 21.
Kh2 Ng8 22. Ncd2 Ngf6 23. Rh1 Nh5 24. Kg1 h6 25. Rf1 Rf6 26. Bc1 R8f7 27.
Nxe5 Nxe5 28. Qxh5 Nd3 29. f4 Kh7 30. e5 Rf5 31. Be4 g6 32. Bxf5 Rxf5 33.
Qe2 Nxc1 34. Rxc1 Bd5 35. Rh2 h5 36. Nf3 Kh6 37. Nxd4 Rf8 38. Rf1 h4 39. g4
Kh7 40. Rhf2 Rf7 41. e6 Rf6 42. f5 g5 43. Qd2 Kh6 44. Re2
{Black forfeits on time}
1-0

[Event "ICC tourney 2545 (5 3)"]
[Site "Internet Chess Club"]
[Date "2021.04.11"]
[Round "5"]
[White "skot"]
[Black "vassily1666"]
[Result "1-0"]
[ICCResult "Black resigns"]
[WhiteElo "2033"]
[BlackElo "1680"]
[Opening "Caro-Kann: Steinitz variation"]
[ECO "B17"]
[NIC "CK.08"]
[Time "15:47:10"]
[TimeControl "300+3"]

1. e4 c6 2. d4 d5 3. Nd2 dxe4 4. Nxe4 Nd7 5. Nf3 Ngf6 6. Nxf6+ Nxf6 7. Bd3
Bg4 8. Be3 e6 9. h3 Bh5 10. O-O Bd6 11. c4 Qc7 12. Rc1 Bf4 13. Bb1 O-O-O 14.
Qd2 Bxe3 15. fxe3 Qg3 16. Qf2 Qd6 17. c5 Qd5 18. Ne5 Ne4 19. Qh4 Nd2 20.
Rxf7 Bxf7 21. Nxf7 Nxb1 22. Rxb1 Qf5 23. Rf1 Qd3 24. Qg3 Rhf8 25. Nd6+ Rxd6
26. Rxf8+ Rd8 27. Rxd8+ Kxd8 28. Qb8+ Ke7 29. Qxb7+ Kf6 30. Qb3 Qe2 31. Qc3
Kf7 32. a4 Qd1+ 33. Kh2 Qxa4 34. e4 Qd1 35. Qf3+ Qxf3 36. gxf3 g5 37. Kg3
Kf6 38. f4 gxf4+ 39. Kxf4 a5 40. b3 h6 41. h4 h5 42. Ke3 Ke7 43. Kd3 Kd7 44.
Kc4 Kc7 45. d5 exd5+ 46. exd5 Kd7 47. d6 Ke6 48. Kd4 Kd7 49. Ke5 {Black
resigns} 1-0

[Event "ICC tourney 2545 (5 3)"]
[Site "Internet Chess Club"]
[Date "2021.04.11"]
[Round "5"]
[White "schakraborty148"]
[Black "Grayson0405"]
[Result "0-1"]
[ICCResult "White forfeits on time"]
[WhiteElo "1306"]
[BlackElo "1494"]
[Opening "Sicilian"]
[ECO "B50"]
[NIC "SI.01"]
[Time "15:46:54"]
[TimeControl "300+3"]

1. e4 c5 2. Nf3 d6 3. Bc4 e6 4. Nc3 Nc6 5. O-O Nf6 6. d3 Be7 7. Bg5 O-O 8.
Bxf6 Bxf6 9. Re1 Nd4 10. Nxd4 Bxd4 11. a3 b6 12. Ra2 Bb7 13. Nb5 a6 14. Nxd4
cxd4 15. a4 Qc7 16. Ra1 Ra7 17. Qf3 Rfa8 18. Rad1 Bc6 19. c3 dxc3 20. bxc3
Bxa4 21. Rc1 Qc6 22. Ba2 b5 23. c4 bxc4 24. Rxc4 Qb5 25. Rb1 Qd7 26. Rcb4
Bb5 27. Bc4 Rb7 28. h3 Rab8 29. Bb3 Bc6 30. Rxb7 Rxb7 31. Bc2 Rxb1+ 32. Bxb1
Qb7 33. Bc2 Qb2 34. Qe2 a5 35. d4 h6 36. Qd3 a4 37. e5 d5 38. Qh7+ Kf8 39.
Qh8+ Ke7 40. Bd3 Qxd4 41. Ba6 Qa1+ 42. Kh2 Qxe5+ 43. g3 Qe1 44. Qc8 Qxf2+
45. Kh1 Qf3+ 46. Kg1 Qxg3+ 47. Kf1 Qxh3+ 48. Ke2 Qg2+ 49. Ke3 Qg1+ 50. Kd3
Bb5+ 51. Bxb5 Qf1+ 52. Kd4 Qxb5 53. Qc7+ Qd7 54. Qc5+ Kf6 55. Qc3 e5+
{White forfeits on time}
0-1